 Dungeon Crawl Stone Soup version 0.31-a0-986-g5e6e4ef867 (webtiles) character file.

Game seed: 11591536130354506354

1289 AppTheSpectato the Thaumaturge (level 8, 0/36 (41) HPs)
             Began as a Deep Elf Ice Elementalist on Nov 3, 2023.
             Slain by a wight
             ... wielding a +0 hand axe
              (2 damage)
             ... on level 7 of the Dungeon.
             The game lasted 00:23:04 (6833 turns).

AppTheSpectato the Thaumaturge (DEIE)               Turns: 6833, Time: 00:23:04

HP:   0/36 (41)     AC: 12    Str:  5    XL:     8   Next: 30%
MP:   14/31         EV: 15    Int: 23    God:
Gold: 312           SH:  0    Dex: 15    Spells: 16/23 levels left

rFire   . . .        o - +2 mace (heavy)
rCold   . . .        (no shield)
rNeg    . . .        a - +0 robe
rPois   .            (no helmet)
rElec   .            (no cloak)
rCorr   .            i - +0 pair of gloves
SInv    .            n - +0 pair of boots
Will    .....        r - amulet of regeneration
Stlth   ++           l - ring of flight
HPRegen 1.06/turn    I - ring of magical power
MPRegen 0.22/turn

%: no passive effects
@: ice-armoured, freezing walls, flying, hasted, heavily drained, very quick
A: no striking features
a: no special abilities


You were on level 7 of the Dungeon.
You visited 1 branch of the dungeon, and saw 7 of its levels.

You collected 312 gold pieces.

Inventory:

Hand Weapons
 o - a +2 heavy mace (weapon)
Missiles
 j - 10 atropa-tipped darts
 y - 2 javelins
 E - a throwing net
Armour
 a - a +0 robe (worn)
 i - a +0 pair of gloves (worn)
 n - a +0 pair of boots (worn)
Jewellery
 l - a ring of flight (left hand)
 m - a ring of willpower
 r - an amulet of regeneration (around neck)
 v - a +6 ring of strength
 D - a ring of ice
 I - a ring of magical power (right hand)
Talismans
 d - a talisman of death
Wands
 z - a wand of acid (3)
 B - a wand of roots (8)
Scrolls
 c - 3 scrolls of brand weapon
 g - 2 scrolls of blinking {unknown}
 h - 3 scrolls of noise {unknown}
 k - 5 scrolls of teleportation
 q - 2 scrolls of enchant armour {unknown}
 s - a scroll of butterflies {unknown}
 x - a scroll of vulnerability {unknown}
 A - 2 scrolls of identify {unknown}
 C - a scroll of immolation {unknown}
 G - a scroll of poison {unknown}
Potions
 b - a potion of magic
 e - a potion of resistance {unknown}
 f - 2 potions of cancellation {unknown}
 p - 2 potions of haste
 t - 2 potions of might {unknown}
 u - a potion of curing {unknown}
 w - 2 potions of heal wounds {unknown}
 F - a potion of ambrosia {unknown}
 H - a potion of brilliance {unknown}


   Skills:
 - Level 7.0 Dodging
 - Level 2.5 Stealth
 + Level 8.4 Spellcasting
 + Level 7.9 Ice Magic


You had 16 spell levels left.
You knew the following spells:

 Your Spells              Type           Power      Damage    Failure   Level
a - Freeze                Ice            100%       1d10      1%          1
b - Frozen Ramparts       Ice            92%        1d14      1%          3
c - Ozocubu's Armour      Ice            46%        N/A       1%          3

Your spell library contained the following spells:

 Spells                   Type           Power      Damage    Failure   Level
 Magic Dart               Conj           36%        1d4       7%          1
 Searing Ray              Conj           18%        2d5       10%         2
 Summon Ice Beast         Ice/Summ       27%        N/A       13%         4
 Dispel Undead            Necr           9%         3d8       54%         4
 Fulminant Prism          Conj/Hex       4%         3d5       54%         4
 Bombard                  Conj/Erth      4%         9d2       100%        6
 Conjure Ball Lightning   Conj/Air       4%         3x3d6     100%        6
 Discord                  Hex            4%         N/A       100%        8
 Disjunction              Tloc           4%         N/A       100%        8


Dungeon Overview and Level Annotations

Branches:
Dungeon (7/15)
 Temple: D:4-7

Altars:
Ashenzari
Cheibriados
Elyvilon
Hepliaklqana
Nemelex Xobeh
Trog
Zin
The Shining One

Shops:
D:5 :


Message History

The wight closely misses you. x2
Aiming: Freeze (safe; 1% risk of failure)
Press: ? - help, Q - select action, (/) - cycle Shift-Dir - straight line, f - wight
Aim: a wight, wielding a +3 battleaxe and wearing a +0 robe You freeze the wight.
The wight resists.
The wight is lightly damaged.
The wight hits you with a +1 scimitar of freezing!
The wight freezes you.
The wight resists.
The wall freezes the wight.
The wight hits you but does no damage.
The wight resists.
The wall freezes the wight.
The wight completely misses you. The wight hits you but does no damage.
Aiming: Freeze (safe; 1% risk of failure)
Press: ? - help, Q - select action, (/) - cycle Shift-Dir - straight line, f/p - wight
Aim: a wight, wielding a +3 battleaxe and wearing a +0 robe You freeze the wight.
The wight resists.
The wight is lightly damaged.
The wight misses you.
The wight resists.
The wall freezes the wight.
The wight barely misses you.
The wight resists.
The wall freezes the wight.
The wight misses you. The wight hits you with a +3 battleaxe!
Aiming: Freeze (safe; 1% risk of failure)
Press: ? - help, Q - select action, (/) - cycle Shift-Dir - straight line, f - wight, p - wight
Aim: a wight, wielding a +0 hand axe and wearing a +0 robe (heavily damaged)
You freeze the wight.
The wight resists.
The wight is heavily damaged.
The wight hits you with a +1 scimitar of freezing.
The wight freezes you.
* * * LOW HITPOINT WARNING * * *
The wight completely resists.
The wall freezes the wight but does no damage.
The wight misses you.
The wall freezes the wight but does no damage.
The wight hits you with a +3 falchion.
* * * LOW HITPOINT WARNING * * *
The wight hits you with a +3 battleaxe.
* * * LOW HITPOINT WARNING * * *
It was a potion of haste.
You feel yourself speed up. The wight closely misses you.
The wight completely resists.
The wall freezes the wight but does no damage.
The wight hits you with a +0 hand axe.
You die...

### #.## ###..#
##....##
###......#
#......z.#
#.......z@###
#.......)zz.#
#......>#..##
.........#....
#.#..........##
###...........
.............
.<............
...(......


You could see 4 wights.

Vanquished Creatures
  A black bear (D:7)
  A centaur (D:6)
  4 ogres
  A phantom (D:5)
  A bullfrog (D:7)
  A wight (D:7)
  A hound (D:4)
  A jelly (D:4)
  4 iguanas
  Ijyb (D:5)
  Natasha (twice) (D:2 D:1)
  An orc wizard (D:4)
  10 gnolls (D:5)
  10 adders
  4 ufetubi (D:5)
  2 worms
  3 dart slugs
  10 orcs
  9 endoplasms
  17 giant cockroaches
  4 goblins
  10 hobgoblins
  4 jackals (D:2)
  10 kobolds
  A quokka (D:1)
  6 ball pythons
  4 bats
  5 frilled lizards
  12 rats
140 creatures vanquished.

Notes
Turn   | Place    | Note
-------+----------+-------------------------------------------
     0 | D:1      | AppTheSpectato the Deep Elf Ice Elementalist began the
                  | quest for the Orb.
     0 | D:1      | Reached XP level 1. HP: 10/10 MP: 6/6
   478 | D:1      | Reached XP level 2. HP: 15/15 MP: 2/8
  1158 | D:2      | Identified the of Zasch
  1183 | D:2      | Reached XP level 3. HP: 13/19 MP: 1/10
  1269 | D:2      | Noticed Natasha
  1274 | D:2      | Killed Natasha
  1275 | D:2      | Reached skill level 4 in Spellcasting
  1317 | D:2      | Noticed Natasha
  1337 | D:1      | Killed Natasha
  1338 | D:1      | Reached skill level 5 in Ice Magic
  1338 | D:1      | Reached XP level 4. HP: 3/24 MP: 6/12
  1596 | D:2      | Learned a level 3 spell: Frozen Ramparts
  1676 | D:2      | Learned a level 3 spell: Ozocubu's Armour
  1882 | D:2      | Found a white marble altar of Elyvilon.
  2611 | D:3      | Reached XP level 5. HP: 28/28 MP: 5/14
  3622 | D:4      | Reached skill level 5 in Spellcasting
  3717 | D:4      | Noticed an ogre
  3745 | D:4      | Killed an ogre
  3746 | D:4      | Reached XP level 6. HP: 15/32 MP: 2/16
  3845 | D:4      | Found a hazy altar of Hepliaklqana.
  3846 | D:4      | Found a glowing golden altar of the Shining One.
  3847 | D:4      | Found a snail-covered altar of Cheibriados.
  3848 | D:4      | Found a broken altar of Ashenzari.
  3848 | D:4      | Found a sparkling altar of Nemelex Xobeh.
  3850 | D:4      | Found a glowing silver altar of Zin.
  3852 | D:4      | Found a bloodstained altar of Trog.
  3950 | D:4      | Reached skill level 5 in Dodging
  4851 | D:5      | Entered Level 5 of the Dungeon
  4872 | D:5      | Reached skill level 6 in Spellcasting
  4895 | D:5      | Noticed Ijyb
  4902 | D:5      | Killed Ijyb
  4907 | D:5      | Reached XP level 7. HP: 35/36 MP: 7/18
  5046 | D:5      | Found Merareuhew's Book Shoppe.
  5589 | D:5      | Reached skill level 7 in Spellcasting
  6097 | D:6      | Reached XP level 8. HP: 41/41 MP: 16/21
  6768 | D:7      | Reached skill level 8 in Spellcasting
  6832 | D:7      | HP: 1/36 [wight/+3 battleaxe (3)]
  6833 | D:7      | Slain by a wight

Illustrated notes

Levels and vault maps discovered:
D:1:      beargit_arrival_greenhouse, layout_basic, interstate_on_off,
          dk_noncrumbling_2
D:2:      cheibrodos_old_hovel, layout_basic, basic_altar, uniq_natasha
D:3:      minmay_roachtagon, layout_basic, minmay_liquid_box,
          minmay_increasing_density
D:4:      layout_layer_cave, grunt_temple_overflow_open,
          nicolae_twisty_statue_hallways
D:5:      corexii_shack_village, layout_basic, portal_sewer_entry_e,
          serial_shops, shop, uniq_ijyb
D:6:      layout_loops_ring
D:7:      layout_cave_pools, temple_green

Skill      XL: |  1  2  3  4  5  6  7  8 |
---------------+-------------------------+-----
Dodging        | 3 4 5 6 7 |  7.0
Spellcasting   | 4 5 6 7 8 |  8.4
Ice Magic      | 5 6 7 |  7.9
Stealth        | |  2.5

Action                     |  1- 3 |  4- 6 |  7- 9 || total
---------------------------+-------+-------+-------++-------
  Melee: Hand axe          |     7 |       |       ||     7
         Mace              |       |    50 |    41 ||    91
   Cast: Freeze            |    41 |    59 |    38 ||   138
         Frozen Ramparts   |       |     9 |    23 ||    32
         Ozocubu's Armour  |       |     5 |     9 ||    14
    Use: Scroll            |       |     2 |       ||     2
         Potion            |       |       |     1 ||     1
   Stab: Sleeping          |     1 |     7 |     2 ||    10
 Armour: Robe              |    21 |    45 |    87 ||   153
  Dodge: Dodged            |    26 |    91 |   131 ||   248
         Form:             |     1 |       |       ||     1
         Death             |     1 |       |       ||     1

Table legend: (Time is in decaauts)
 A = Elapsed time spent in this place.
 B = Non-inter-level travel time spent in this place.
 C = Inter-level travel time spent in this place.
 D = Time resting spent in this place.
 E = Time spent auto-exploring this place.
 F = Levels seen in this place.
 G = Mean time per level.
                   A        B        C        D        E       F      G
               +--------+--------+--------+--------+--------+-----+--------+
         Total |   6946 |   6309 |    637 |    358 |   4885 |   7 |  992.3 |
       Dungeon |   6946 |   6309 |    637 |    358 |   4885 |   7 |  992.3 |
               +--------+--------+--------+--------+--------+-----+--------+

Top non-repeatable levels by time:
     D:1: 1430 daAuts
     D:4: 1388 daAuts
     D:3: 1122 daAuts
     D:5: 1057 daAuts
     D:2: 965 daAuts
     D:6: 912 daAuts
     D:7: 69 daAuts
